 Dungeon Crawl Stone Soup version 0.29.1-12-g30fa7ad0bf (webtiles) character file.

Game seed: 12665867594390702752

0 MisterFreud the Trooper (level 1, 0/18 HPs)
             Began as a Formicid Abyssal Knight on Dec 17, 2022.
             Was a Believer of Lugonu.
             Slain by a quokka (4 damage)
             ... on level 1 of the Dungeon.
             The game lasted 00:00:26 (26 turns).

MisterFreud the Trooper (Formicid Abyssal Knight)     Turns: 26, Time: 00:00:27

Health: 0/18       AC:  3    Str: 17    XL:     1   Next: 11%
Magic:  2/2        EV: 11    Int:  9    God:    Lugonu [**....]
Gold:   9          SH:  0    Dex: 14    Spells: 0/0 levels left

rFire   . . .      SeeInvis +   a - +1 mace
rCold   . . .      Faith    .   (no shield)
rNeg    . . .      Spirit   .   b - +0 leather armour
rPois   .          Reflect  .   (helmet unavailable)
rElec   .          Harm     .   (no cloak)
rCorr   .          Rampage  .   (no gloves)
Will    .....                   (no boots)
Stlth   +.........              (no amulet)
HPRegen 0.06/turn               (no ring)
MPRegen 0.08/turn               (no ring)

@: no status effects
A: permanent stasis, dig shafts and tunnels, antennae 3, four strong arms
a: Dig, Shaft Self, Renounce Religion, Depart the Abyss, Bend Space


You were on level 1 of the Dungeon.
You worshipped Lugonu.
Lugonu was pleased with you.
You visited 1 branch of the dungeon, and saw 1 of its levels.
You visited the Abyss 1 time.

You collected 9 gold pieces.

Inventory:

Hand Weapons
 a - a +1 mace (weapon)
Armour
 b - a +0 leather armour (worn)


   Skills:
 + Level 3.3 Fighting
 + Level 2.0 Maces & Flails
 - Level 2.1 Armour
 - Level 0.8 Dodging
 - Level 2.1 Invocations


You couldn't memorise any spells.
You didn't know any spells.
Your spell library was empty.

Dungeon Overview and Level Annotations

Branches:
Dungeon (1/15)

Altars:


Innate Abilities, Weirdness & Mutations

You cannot be hasted, slowed, berserked, paralysed or teleported.
You can dig through walls and to a lower floor.
You have a pair of large antennae on your head. (SInv)
Your four strong arms can wield two-handed weapons with a shield.


Message History

You now have 9 gold pieces.
There is an open door here.
A kobold comes into view. It is wielding a +0 whip.
The kobold shouts!
A kobold is nearby!
A kobold is nearby!
A quokka comes into view.
The kobold closely misses you.
A gnoll comes into view. It is wielding a +0 whip.
There are monsters nearby!
The gnoll shouts!
You sock the kobold!
You kill the kobold!
Lugonu accepts your kill. The quokka closely misses you.
The quokka bites you but does no damage.
You see here a +0 whip.
There are monsters nearby!
You closely miss the quokka. Your punch misses the quokka.
The quokka bites you.
You hit the quokka.
The quokka is almost dead.
The quokka barely misses you. The quokka bites you.
There are monsters nearby!
You closely miss the quokka.
The quokka is almost dead.
The quokka closely misses you. The gnoll barely misses you.
You closely miss the quokka.
The quokka is almost dead.
The quokka misses you. The gnoll completely misses you. The quokka bites you.
There are monsters nearby!
You closely miss the quokka.
The quokka is almost dead.
The quokka twitches its whiskers.
The quokka bites you but does no damage.
The gnoll hits you with a +0 whip.
* * * LOW HITPOINT WARNING * * *
The quokka misses you. The quokka attacks as you move away!
The quokka bites you.
You die...

...≈..<..≈.# .#
...#.....#.###
.# ##≈≈≈#'...#
.# ##
#.......#.# .#..
#########.# .#.#
#.###.#.####.
#............
######.#g...##.
..^.....@r......
#######.#....##.
#.##....# #..
...... ### #..##
..# ... ##


You could see a gnoll and a quokka.

Vanquished Creatures
  A kobold (D:1)
1 creature vanquished.

Notes
Turn   | Place    | Note
-------+----------+-------------------------------------------
     0 | Abyss:1  | MisterFreud the Formicid Abyssal Knight began the quest for
                  | the Orb.
     0 | Abyss:1  | Reached XP level 1. HP: 18/18 MP: 2/2
     1 | D:1      | Escaped the Abyss
    26 | D:1      | Slain by a quokka

Illustrated notes

Levels and vault maps discovered:
D:1:      dpeg_arrival_rooms_with_view, layout_loops_corners,
          shapermc_ecumenical_altar_mp_urbaneastern,
          chequers_serial_rivers_room_b, minmay_pentomino_v4

Action                   || total
-------------------------++-------
Melee: Mace              ||     6
Armor: Leather armour    ||     2
Dodge: Dodged            ||     8
